 Dungeon Crawl Stone Soup version 0.28.0-53-g5a82cb258f (webtiles) character file.

Game seed: 677319747744648086

5875 kudzoo the Cleaver (level 10, 0/104 HPs)
             Began as an Ogre Berserker on July 31, 2022.
             Was an Elder of Trog.
             Slain by a six-headed hydra (1 damage)
             ... on level 1 of the Lair of Beasts.
             The game lasted 01:26:06 (6052 turns).

kudzoo the Cleaver (Ogre Berserker)                 Turns: 6052, Time: 01:26:07

Health: 0/104      AC: 16    Str: 29    XL:     10   Next: 81%
Magic:  10/10      EV:  6    Int: 10    God:    Trog [****..]
Gold:   236        SH:  7    Dex: 12    Spells: 9/9 levels left

rFire   . . .      SeeInvis .   I - +2 trident (flame)
rCold   . . .      Faith    .   Q - +0 kite shield
rNeg    . . .      Spirit   .   c - +0 shadow dragon scales
rPois   .          Reflect  .   (helmet restricted)
rElec   .          Harm     .   U - +0 cloak
rCorr   .          Rampage  .   (gloves unavailable)
Will    +....                   (boots unavailable)
Stlth   ++++......              (no amulet)
HPRegen 0.27/turn               d - +6 ring of strength
MPRegen 0.12/turn               (no ring)

@: hasted, very quick
A: large, unfitting armour, tough skin 1, iridescent scales 1, clever 1
a: Renounce Religion, Berserk, Trog's Hand, Brothers in Arms


You were on level 1 of the Lair of Beasts.
You worshipped Trog.
Trog was greatly pleased with you.
You visited 3 branches of the dungeon, and saw 13 of its levels.
You also visited: Sewer.

You collected 236 gold pieces.

Inventory:

Hand Weapons
 i - the +2 hand axe "Ego Veguy" {spect, rC++}
   (You found it on level 2 of the Dungeon)

   When its wielder attacks, the weapon's spirit leaps out and strikes again.
   The spirit shares a part of any damage it takes with its wielder.
   rC:        It greatly protects you from cold.
 r - a +0 trident of venom
 C - a +0 flail of draining
 E - a +2 scimitar of holy wrath
 I - a +2 trident of flaming (weapon)
 M - a +2 falchion of freezing
 P - a +1 spear of flaming
 T - a +3 battleaxe of freezing
Missiles
 e - 162 stones (quivered)
 k - 12 atropa-tipped darts
 n - 46 sling bullets
 u - 36 arrows
 B - 13 poisoned darts
 D - 4 boomerangs
 H - 4 throwing nets
Armour
 b - a +0 animal skin
 c - +0 shadow dragon scales (worn)
 f - a +0 robe
 N - +0 steam dragon scales
 Q - a +0 kite shield (worn)
 U - a +0 cloak (worn)
Jewellery
 d - a +6 ring of strength (left hand)
Wands
 h - a wand of polymorph (12)
 t - a wand of paralysis (25)
 L - a wand of mindburst (11)
Scrolls
 a - a scroll of blinking {unknown}
 j - 2 scrolls of brand weapon
 o - 2 scrolls of amnesia {unknown}
 p - a scroll of immolation {unknown}
 s - 4 scrolls of teleportation {unknown}
 v - 2 scrolls of fear {unknown}
 y - a scroll of magic mapping {unknown}
 F - a scroll of torment {unknown}
 G - a scroll of enchant weapon
 O - 2 scrolls of identify
Potions
 g - 2 potions of mutation
 l - 2 potions of flight
 m - a potion of lignification
 q - 3 potions of curing
 w - 4 potions of invisibility
 x - a potion of magic
 z - a potion of heal wounds
 J - a potion of attraction
 K - 2 potions of might
 R - a potion of brilliance {unknown}
 S - a potion of ambrosia {unknown}


   Skills:
 + Level 8.1 Fighting
 + Level 11.3(11.5) Axes
 - Level 3.7(8.1) Polearms
 + Level 5.1 Armour
 + Level 3.6 Dodging
 + Level 4.6 Stealth
 * Level 2.6 Shields


You had 9 spell levels left.
You didn't know any spells.
Your spell library contained the following spells:

 Spells                   Type           Power      Damage    Failure   Level
 Beastly Appendage        Tmut           0%         N/A       99%         1
 Wereblood                Tmut           0%         N/A       100%        2
 Spider Form              Tmut/Pois      0%         N/A       100%        3
 Summon Forest            Summ/Tloc      0%         N/A       100%        5
 Death Channel            Necr           0%         N/A       100%        6
 Dragon's Call            Summ           0%         N/A       100%        9


Dungeon Overview and Level Annotations

Branches:
Dungeon (10/15)            Temple (1/1) D:5            Lair (2/6) D:10
  Snake (0/4) Lair:2        Sewer (visited)
  Swamp: Lair:2-4    Shoals: Lair:2-4       Orc: D:9-12

Altars:
Ashenzari
Cheibriados
Dithmenos
Elyvilon
Fedhas
Gozag
Hepliaklqana
Kikubaaqudgha
Makhleb
Nemelex Xobeh
Okawaru
Qazlal
Ru
Sif Muna
Trog
Uskayaw
Vehumet
Wu Jian
Xom
Yredelemnul
Zin
The Shining One

Annotations:
D:7 3 runed translucent doors, jjjjhere's ghost, novice TrDe


Innate Abilities, Weirdness & Mutations

You are too large for most types of armour.
You have tough skin. (AC +1)
You are partially covered in iridescent scales. (AC +2)
Your mind is acute. (Int +2)


Message History

* * * LOW HITPOINT WARNING * * *
There is a stone staircase leading down, spattered with blood here.
Press: ? - help, v - describe, . - travel
Here: a six-headed hydra The floor.
Unknown command.
Okay, then.
As you read the scroll labelled SUD MYESECZU, it crumbles to dust.
It is a scroll of brand weapon.
Your +3 battleaxe is covered with a thin layer of ice!
T - a +3 battleaxe of freezing The six-headed hydra completely misses you.
The six-headed hydra bites you.
* * * LOW HITPOINT WARNING * * *
The six-headed hydra bites you but does no damage.
You block the six-headed hydra's attack. x3
The six-headed hydra bites you but does no damage. x2
The six-headed hydra bites you.
* * * LOW HITPOINT WARNING * * *
The six-headed hydra bites you!
* * * LOW HITPOINT WARNING * * *
The six-headed hydra bites you.
* * * LOW HITPOINT WARNING * * *
You block the six-headed hydra's attack.
You feel much better. The six-headed hydra bites you.
* * * LOW HITPOINT WARNING * * *
You block the six-headed hydra's attack.
The six-headed hydra bites you but does no damage.
The six-headed hydra closely misses you.
The six-headed hydra bites you.
* * * LOW HITPOINT WARNING * * *
The six-headed hydra bites you but does no damage.
You feel yourself speed up. The six-headed hydra bites you!
* * * LOW HITPOINT WARNING * * *
The six-headed hydra bites you.
* * * LOW HITPOINT WARNING * * *
You block the six-headed hydra's attack.
The six-headed hydra bites you but does no damage.
The six-headed hydra bites you.
You die...

#...# #.[.## #...P#
#....######
#...#....P##
#.....≈≈...#
#....≈≈≈≈..#
#..≈≈≈≈≈≈≈..
##†.@.≈≈≈≈≈≈.
#########††.D.≈≈≈≈≈≈.
.............>.≈≈≈≈≈.
..............≈≈≈≈≈≈.
.............≈≈≈≈≈≈≈.
#....#.###.....≈≈≈≈..
#### ## #...##≈≈≈.#.
#....##≈### #...P# ##


You could see a six-headed hydra.

Vanquished Creatures
  A komodo dragon (Lair:2)
  A wyvern (D:7)
  Eustachio (D:6)
  10 yaks
  A steam dragon (D:9)
  5 water moccasins
  5 orc warriors
  A sky beast (D:8)
  A black bear (D:10)
  An ice beast (D:5)
  2 ogres (D:6)
  3 wolves (Lair:1)
  A necrophage (D:6)
  2 kobold brigands
  A bullfrog (D:8)
  3 gnoll sergeants
  5 scorpions
  A water moccasin zombie (D:5)
  A wyvern zombie (D:7)
  A water moccasin skeleton (D:5)
  4 killer bees (D:8)
  A howler monkey (D:6)
  A bullfrog zombie (D:7)
  3 hounds
  5 orc priests
  A bullfrog skeleton (D:6)
  2 iguanas
  4 orc wizards
  A howler monkey zombie (D:7)
  8 adders
  24 gnolls
  2 river rats
  2 ufetubi (D:5)
  5 worms
  2 dart slugs
  25 orcs
  8 endoplasms
  5 giant cockroaches
  2 hobgoblins
  6 jackals
  12 kobolds
  3 quokkas
  4 ball pythons
  5 goblins
  6 rats
188 creatures vanquished.

Vanquished Creatures (others)
  6 fungi
  13 plants
19 creatures vanquished.

Grand Total: 207 creatures vanquished

Notes
Turn   | Place    | Note
-------+----------+-------------------------------------------
     0 | D:1      | kudzoo the Ogre Berserker began the quest for the Orb.
     0 | D:1      | Reached XP level 1. HP: 24/24 MP: 1/1
    62 | D:1      | Got the Volume of Twisted Calling
   245 | D:3      | Reached XP level 2. HP: 21/32 MP: 2/2
   363 | D:2      | Found a hazy altar of Hepliaklqana.
   715 | D:2      | Reached XP level 3. HP: 31/40 MP: 3/3
   839 | D:2      | Identified the +2 hand axe "Ego Veguy" {spect, rC++}
  1360 | D:3      | Reached ** piety under Trog
  1421 | D:3      | Reached XP level 4. HP: 49/49 MP: 4/4
  1634 | D:4      | Reached skill level 1 in Axes
  1669 | D:4      | Found a hazy altar of Hepliaklqana.
  1695 | D:4      | Found a stormy altar of Qazlal.
  1732 | D:5      | Entered Level 5 of the Dungeon
  1738 | D:5      | Reached skill level 1 in Armour
  1747 | D:5      | Reached skill level 2 in Axes
  1747 | D:5      | Reached XP level 5. HP: 27/55 MP: 5/5
  1842 | D:4      | Reached skill level 3 in Axes
  2017 | D:5      | Reached XP level 6. HP: 57/65 MP: 6/6
  2031 | D:5      | Reached skill level 5 in Fighting
  2056 | D:5      | Found a staircase to the Ecumenical Temple.
  2062 | Temple   | Entered the Ecumenical Temple
  2222 | D:5      | Reached skill level 4 in Axes
  2222 | D:5      | Reached skill level 1 in Stealth
  2239 | D:5      | Noticed a water moccasin
  2247 | D:5      | Killed a water moccasin
  2248 | D:5      | Reached XP level 7. HP: 61/72 MP: 7/7
  2284 | D:5      | Reached skill level 5 in Axes
  2496 | D:5      | Reached skill level 6 in Axes
  2609 | D:6      | Reached XP level 8. HP: 77/81 MP: 8/8
  2615 | D:6      | Noticed Eustachio
  2636 | D:6      | Killed Eustachio
  2795 | D:6      | Found an iron altar of Okawaru.
  2892 | D:6      | Reached skill level 7 in Axes
  3039 | D:6      | Found a glowing drain.
  3047 | Sewer    | Entered a sewer
  3192 | Sewer    | Reached *** piety under Trog
  3562 | D:7      | Found a runed translucent gate.
  3562 | D:7      | Found a runed translucent gate.
  3562 | D:7      | Found a runed translucent gate.
  3562 | D:7      | Noticed jjjjhere's ghost (novice TrDe)
  3564 | D:7      | Found a basalt altar of Yredelemnul.
  3577 | D:7      | Reached skill level 8 in Axes
  3605 | D:7      | Noticed a hornet
  3669 | D:7      | Noticed a hornet
  3699 | D:7      | Gained mutation: You are partially covered in iridescent
                  | scales. (AC +2) [potion of mutation]
  3699 | D:7      | Gained mutation: Your mind is acute. (Int +2) [potion of
                  | mutation]
  3717 | D:7      | Reached XP level 9. HP: 89/89 MP: 9/9
  4190 | D:8      | Reached skill level 9 in Axes
  4581 | D:8      | Noticed a troll
  4642 | D:9      | Found a broken altar of Ashenzari.
  4846 | D:8      | Reached skill level 10 in Axes
  4846 | D:8      | Reached XP level 10. HP: 84/102 MP: 10/10
  5008 | D:8      | Reached **** piety under Trog
  5387 | D:9      | Found an ancient bone altar of Kikubaaqudgha.
  5498 | D:10     | Entered Level 10 of the Dungeon
  5651 | D:10     | Reached skill level 1 in Shields
  5792 | D:10     | Found a staircase to the Lair.
  5821 | Lair:1   | Entered Level 1 of the Lair of Beasts
  5868 | Lair:1   | Reached skill level 11 in Axes
  5868 | Lair:1   | Reached skill level 5 in Armour
  5872 | Lair:1   | Noticed a six-headed hydra
  5916 | Lair:2   | Found a staircase to the Snake Pit.
  5916 | Lair:2   | Noticed a guardian serpent
  6019 | Lair:2   | Noticed a cane toad
  6049 | Lair:1   | HP: 2/104 [six-headed hydra (8)]
  6052 | Lair:1   | Slain by a six-headed hydra

Illustrated notes

Levels and vault maps discovered:
D:1:      eino_arrival_cavern_e, layout_basic
D:2:      layout_rooms, basic_altar, serial_bayou_pond_e, chequers_arboretum,
          nrook_uturn
D:3:      layout_rooms
D:4:      layout_basic, mainiacjoe_overflow_24_doors,
          nicolae_qazlal_scattered_showers
D:5:      layout_rooms, minmay_temple_entry_fiery, minmay_misc_feat_pillars
D:6:      layout_loops_corners, kennysheep_okawaru_gauntlet,
          gup_sewer_entry_bubbles, uniq_eustachio
D:7:      nicolae_cairo_tiling_very_big, layout_basic,
          nicolae_yredelemnul_ghost_church, uniq_joseph
D:8:      layout_basic
D:9:      layout_roguey, mainiacjoe_overflow_concentric_impassable,
          mainiacjoe_overflow_chevrons, serial_glass, glass_columns_c,
          glass_columns_c
D:10:     layout_cave_pods, grunt_lair_entry_orc_guard_hut, zombieorc2_lemuel,
          serial_shops, shop, minmay_tree_intersection
Temple:   nicolae_temple_elliptical
Lair:1:   layout_hall_layers, chequers_serial_rivers_micro_e,
          infiniplex_staircase_pool, uniq_nergalle
Lair:2:   layout_chaotic_city, minmay_snake_entry_spellcaster, uniq_harold

Skill      XL: |  1  2  3  4  5  6  7  8  9 10 |
---------------+-------------------------------+-----
Dodging        | 3 |  3.6
Axes           | 2 3 4 6 8 10 11 | 11.3
Armour         | 1 2 3 4 5 |  5.1
Fighting       | 5 6 7 8 |  8.1
Stealth        | 1 3 4 |  4.6
Shields        | 2 |  2.6
Polearms       | |  3.7

Action                   |  1- 3 |  4- 6 |  7- 9 | 10-12 || total
-------------------------+-------+-------+-------+-------++-------
Melee: Spear             |    85 |       |       |       ||    85
       Hand axe          |    16 |    45 |   206 |   109 ||   376
       Punch             |       |     1 |     7 |     1 ||     9
Throw: Stone             |       |       |     1 |       ||     1
Invok: Berserk           |       |     2 |     7 |     2 ||    11
       Trog's Hand       |       |     1 |     2 |       ||     3
  Use: Scroll            |       |       |    11 |     1 ||    12
       Potion            |       |       |     1 |     2 ||     3
 Stab: Sleeping          |     4 |     3 |    12 |     2 ||    21
       Distracted        |       |     1 |     2 |     1 ||     4
Armor: Shadow dragon sca |    34 |    27 |    79 |    47 ||   187
Dodge: Dodged            |     7 |    14 |    41 |    17 ||    79
Block: Kite shield       |       |       |       |    19 ||    19
